 Dungeon Crawl Stone Soup version 0.28.0 (webtiles) character file.

Game seed: 1379639449777503375

59 H0rd4k the Magician (level 3, -5/19 HPs)
             Began as a Deep Elf Hedge Wizard on Feb 11, 2022.
             Killed from afar by an orc wizard (8 damage)
             ... with a puff of flame
             ... on level 2 of the Dungeon.
             The game lasted 00:04:26 (2581 turns).

H0rd4k the Magician (Deep Elf Hedge Wizard)         Turns: 2581, Time: 00:04:26

Health: -5/19      AC:  3    Str:  7    XL:     3   Next: 78%
Magic:  5/12       EV: 12    Int: 20    God:
Gold:   94         SH:  0    Dex: 14    Spells: 4/13 levels left

rFire   . . .      SeeInvis .   a - +0 dagger
rCold   . . .      Faith    .   (no shield)
rNeg    . . .      Spirit   .   b - +0 robe
rPois   .          Reflect  .   c - +1 hat
rElec   .          Harm     .   (no cloak)
rCorr   .          Rampage  .   (no gloves)
Will    .....                   (no boots)
Stlth   ++........              (no amulet)
HPRegen 0.06/turn               (no ring)
MPRegen 0.13/turn               (no ring)

@: no status effects
A: no striking features
a: no special abilities


You were on level 2 of the Dungeon.
You visited 1 branch of the dungeon, and saw 3 of its levels.

You collected 94 gold pieces.

Inventory:

Hand Weapons
 a - a +0 dagger (weapon)
Missiles
 g - 3 atropa-tipped darts
 j - 6 poisoned darts
Armour
 b - a +0 robe (worn)
 c - a +1 hat (worn)
Jewellery
 i - a +4 ring of protection


   Skills:
 + Level 2.7 Dodging
 - Level 2.4 Stealth
 + Level 5.6 Spellcasting
 + Level 1.7 Conjurations
 + Level 1.1 Summonings
 + Level 1.5 Translocations
 * Level 1.1 Fire Magic
 * Level 0.2 Air Magic
 * Level 0.1 Poison Magic


You had 4 spell levels left.
You knew the following spells:

 Your Spells              Type           Power      Damage    Failure   Level
a - Magic Dart            Conj           48%        1d5       5%          1
b - Blink                 Tloc           22%        N/A       9%          2
c - Conjure Flame         Conj/Fire      11%        6-21      19%         3
d - Mephitic Cloud        Conj/Pois/Air  8%         N/A       24%         3

Your spell library contained the following spells:

 Spells                   Type           Power      Damage    Failure   Level
 Foxfire                  Conj/Fire      44%        2x1d6     6%          1
 Slow                     Hex            20%        N/A       11%         1
 Call Imp                 Summ           10%        N/A       11%         2
 Ensorcelled Hibernation  Hex/Ice        10%        N/A       16%         2
 Passwall                 Tmut/Erth      4%         N/A       16%         2
 Inner Flame              Hex/Fire       7%         N/A       26%         3
 Swiftness                Air            6%         N/A       28%         3
 Spider Form              Tmut/Pois      5%         N/A       32%         3
 Tukima's Dance           Hex            5%         N/A       32%         3
 Passage of Golubria      Tloc           11%        N/A       50%         4
 Flame Wave               Conj/Fire      11%        2d5       52%         4
 Anguish                  Hex/Necr       2%         N/A       71%         4
 Yara's Violent Unravell  Hex/Tmut       2%         3d3       96%         5


Dungeon Overview and Level Annotations

Branches:
Dungeon (3/15)

Altars:
Zin

Shops:
D:3 *

Annotations:
D:3 exclusion: upstairs


Message History

As you read the scroll labelled FEPRAU ECOIST, it crumbles to dust.
You speak a Word of immense power!
It was a scroll of holy word.
Something hits you.
As you read the scroll labelled YDIRIW QYKHENT, it crumbles to dust.
The creatures around you are filled with an inner flame!
It was a scroll of immolation.
Something hits you but does no damage.
Casting: Magic Dart (safe; 5% risk of failure)
Confirm with . or Enter, or press ? or * to list all spells.
You blink.
Casting: Blink (safe; 9% risk of failure)
Confirm with . or Enter, or press ? or * to list all spells.
You don't know that spell.
Casting: Blink (safe; 9% risk of failure)
Confirm with . or Enter, or press ? or * to list all spells.
You can't see any susceptible monsters within range! (Use Z to cast anyway.) Unknown command.
Casting: Blink (safe; 9% risk of failure)
Confirm with . or Enter, or press ? or * to list all spells.
Aiming: Magic Dart (safe; 5% risk of failure)
Press: ? - help, Shift-Dir - straight line The magic dart hits something but does no damage.
You are confused.
Unknown command.
You're too confused to cast spells.
Sorry, you're not good enough to have a special ability.
You bump into the rock wall.
Unknown command.
You're too confused to cast spells.
Sorry, you're not good enough to have a special ability.
You feel stable enough to blink again.
You bump into the stone wall.
You bump into the stone wall.
You feel less confused. Something hits you. Something hits you.
* * * LOW HITPOINT WARNING * * *
You hear some strange, mumbled words.
A puff of flame appears from out of thin air!
The puff of flame hits you!
You die...

÷#
#.....#.......#..####.
.#
#.....#########.......
.#
#.....##.......#.#####
.# #.....+..........# .#
#.....##.......### .#
#########.....##.......#
.#
#..........o####.......#
.#
#.#########{.###.......#
.###........
##.@.........#
>..o..8...8.
#..##########
.#.......... #..#
.#.$........ ⌠#..#
.#.......o...$#.##
.#.#..8.[.8..##.#
.#.#........# #.#
.#.#.####### ..# .#.# .
.#


You could see an orc wizard (inner flame).

Vanquished Creatures
  An adder (D:3)
  A worm (D:2)
  3 dart slugs
  2 orcs
  3 ball pythons
  2 bats
  2 endoplasms
  A giant cockroach (D:1)
  4 goblins
  3 hobgoblins
  5 quokkas
  5 kobolds (D:1)
  6 rats
38 creatures vanquished.

Notes
Turn   | Place    | Note
-------+----------+-------------------------------------------
     0 | D:1      | H0rd4k the Deep Elf Hedge Wizard began the quest for the
                  | Orb.
     0 | D:1      | Reached XP level 1. HP: 10/10 MP: 7/7
   471 | D:1      | Reached skill level 5 in Spellcasting
   514 | D:1      | Reached XP level 2. HP: 15/15 MP: 6/10
   576 | D:1      | Found a faded altar of an unknown god.
  1434 | D:2      | Reached XP level 3. HP: 19/19 MP: 4/12
  1437 | D:2      | Learned a level 2 spell: Blink
  1441 | D:2      | Learned a level 3 spell: Conjure Flame
  1445 | D:2      | Learned a level 3 spell: Mephitic Cloud
  2127 | D:3      | Reached skill level 1 in Fire Magic
  2162 | D:3      | Found a glowing silver altar of Zin.
  2174 | D:3      | Found Uddauqun's General Store.
  2581 | D:2      | Killed from afar by an orc wizard

Illustrated notes

Levels and vault maps discovered:
D:1:      matt_arrival_refuge, layout_loops_ring,
          shapermc_ecumenical_altar_starsandcircs, minmay_misc_feat_plants
D:2:      cheibrodos_pilgrimage, layout_basic, minmay_tiny_reverse_x
D:3:      layout_rooms, mainiacjoe_overflow_boulevard, serial_shops,
          nicolae_shop_behind_doors

Skill      XL: |  1  2  3 |
---------------+----------+-----
Spellcasting   | 5 |  5.6
Fire Magic     | 1 |  1.1
Dodging        | |  2.7
Stealth        | |  2.4
Conjurations   | |  1.7
Summonings     | |  1.1
Translocations | |  1.5
Air Magic      | |  0.2
Poison Magic   | |  0.1

Action                   || total
-------------------------++-------
 Cast: Magic Dart        ||   121
       Blink             ||     2
  Use: Scroll            ||     3
       Potion            ||     1
Armor: Robe              ||     2
Dodge: Dodged            ||     5
